 Dungeon Crawl Stone Soup version 0.27-a0-1332-g84bddb5ca7 (webtiles) character file.

Game seed: 13115545021787647300

6390 funkygono the Zephyrmancer (level 10, -4/53 HPs)
             Began as a Tengu Air Elementalist on June 25, 2021.
             Was a Believer of Vehumet.
             Slain by an orc knight (7 damage)
             ... in a bailey.
             The game lasted 00:27:04 (13486 turns).

funkygono the Zephyrmancer (TeAE)                  Turns: 13486, Time: 00:27:05

Health: -4/53      AC:  7    Str: 12    XL:     10   Next: 97%
Magic:  3/24       EV: 16    Int: 20    God:    Vehumet [**....]
Gold:   528        SH:  0    Dex: 16    Spells: 13/28 levels left

rFire    + . .     SeeInvis .   g - +9 club
rCold    . . .     Faith    .   (no shield)
rNeg     . . .     Spirit   .   w - +2 steam dragon scales
rPois    .         Reflect  .   (helmet restricted)
rElec    .         Harm     .   (no cloak)
rCorr    .         Rampage  .   (no gloves)
Will     +....                  (boots unavailable)
Stlth    ++........             (no amulet)
HPRegen  0.17/turn              v - ring "Terameno" {rF+ Str+4 Int+2 Slay+4}
MPRegen  0.19/turn              q - ring of willpower

@: brilliant, flying quickly and evasively, quick
A: beak, talons 3, nimble flight
a: Renounce Religion


You were in a bailey.
You worshipped Vehumet.
Vehumet was pleased with you.
You visited 2 branches of the dungeon, and saw 9 of its levels.
You also visited: Bailey.

You collected 528 gold pieces.

Inventory:

Hand Weapons
 c - a +2 dagger of venom
 g - a +9 club (weapon)
 k - a +1 flail of draining
 x - a +2 mace of protection
Missiles
 n - 4 curare-tipped darts
Armour
 a - a +1 robe
 f - a +0 leather armour
 r - a +0 buckler
 w - +2 steam dragon scales (worn)
Jewellery
 q - a ring of willpower (right hand)
 u - a ring of fire
 v - the ring "Terameno" (left hand) {rF+ Str+4 Int+2 Slay+4}
   (You found it on level 7 of the Dungeon)

   [ring of slaying]

   It affects your strength (+4).
   It affects your intelligence (+2).
   It affects your accuracy and damage with ranged weapons and melee attacks
   (+4).
   It protects you from fire.
Wands
 e - a wand of digging (7)
 s - a wand of flame (11)
 t - a wand of iceblast (7)
Scrolls
 b - 3 scrolls of blinking
 y - 2 scrolls of identify
 A - a scroll of acquirement {unknown}
 C - a scroll of enchant weapon
Potions
 h - 3 potions of curing
 i - a potion of mutation {unknown}
 j - 3 potions of heal wounds
 l - a potion of berserk rage {unknown}
 m - 8 potions of magic {unknown}
 o - 3 potions of lignification {unknown}
 p - 2 potions of cancellation {unknown}
 z - a potion of experience {unknown}
 B - a potion of haste {unknown}


   Skills:
 + Level 1.6 Fighting
 + Level 1.3 Maces & Flails
 + Level 4.0 Dodging
 - Level 2.0 Stealth
 + Level 9.5 Spellcasting
 + Level 9.9 Conjurations
 + Level 12.5 Air Magic


You had 13 spell levels left.
You knew the following spells:

 Your Spells              Type           Power      Damage    Failure   Level
a - Shock                 Conj/Air       100%       1d9       1%          1
b - Static Discharge      Conj/Air       69%        N/A       1%          2
c - Swiftness             Air            74%        N/A       1%          3
d - Airstrike             Air            37%        N/A       1%          4
e - Lightning Bolt        Conj/Air       34%        1d52      1%          5

Your spell library contained the following spells:

 Spells                   Type           Power      Damage    Failure   Level
 Frozen Ramparts          Ice            28%        1d4       22%         3
 Stone Arrow              Conj/Erth      88%        3d12      2%          3
 Animate Skeleton         Necr           28%        N/A       8%          1
 Apportation              Tloc           28%        N/A       8%          1
 Pain                     Necr           56%        1d6       8%          1
 Sandblast                Erth           28%        2d8       8%          1
 Passwall                 Tmut/Erth      11%        N/A       11%         2
 Lesser Beckoning         Tloc           7%         N/A       22%         3
 Tukima's Dance           Hex            14%        N/A       22%         3
 Vampiric Draining        Necr           7%         2d7       22%         3
 Animate Dead             Necr           7%         N/A       58%         4
 Petrify                  Tmut/Erth      14%        N/A       58%         4
 Agony                    Necr           14%        N/A       90%         5
 Alistair's Intoxication  Tmut/Pois      9%         N/A       90%         5
 Lee's Rapid Deconstruct  Erth           7%         3d7*      90%         5
 Invisibility             Hex            7%         N/A       100%        6


Dungeon Overview and Level Annotations

Branches:
Dungeon (8/15)             Temple (1/1) D:7          Bailey (1/1)
   Lair: D:8-11

Altars:
Ashenzari
Cheibriados
Dithmenos
Elyvilon
Fedhas
Gozag
Hepliaklqana
Kikubaaqudgha
Makhleb
Nemelex Xobeh
Okawaru
Qazlal
Ru
Sif Muna
Trog
Uskayaw
Vehumet
Wu Jian
Xom
Yredelemnul
Zin
The Shining One

Shops:
D:1 !

Annotations:
D:6 2 transporters, sn0wgr3's ghost, novice GrFi


Innate Abilities, Weirdness & Mutations

You have a beak for a mouth.
You have claws for feet.
Your magical nature lets you fly swiftly and evasively.


Message History

Confirm with . or Enter, or press ? or * to list all spells.
Aiming: Shock (safe; 1% risk of failure)
Press: ? - help, Shift-Dir - straight line, f/p - orc knight
Aim: an orc knight, wielding a +0 war axe and wearing a +0 ring mail (moderately wounded, 67% to hit)
You feel a surge of power!
The zap hits the orc knight.
The orc knight is moderately wounded.
The orc knight complains loudly.
Casting: Shock (safe; 1% risk of failure)
Confirm with . or Enter, or press ? or * to list all spells.
Aiming: Airstrike (safe; 1% risk of failure)
Press: ? - help, Dir - move target, f/p - orc knight
Aim: an orc knight, wielding a +0 war axe and wearing a +0 ring mail (moderately wounded)
You feel a surge of power!
The air twists around and strikes the orc knight!
The orc knight is heavily wounded.
Casting: Airstrike (safe; 1% risk of failure)
Confirm with . or Enter, or press ? or * to list all spells.
You feel a surge of power!
The orc knight is struck by an arc of lightning!
The orc knight is severely wounded.
You are struck by an arc of lightning.
The orc knight is struck by an arc of lightning!
The orc knight is severely wounded.
You are struck by an arc of lightning.
The orc knight is struck by an arc of lightning!
The orc knight is almost dead.
The lightning grounds out.
The orc knight hits you with a +0 war axe!!
You closely miss the orc knight.
The orc knight is almost dead.
The orc knight hits you with a +0 war axe!
* * * LOW HITPOINT WARNING * * *
You sock the orc knight!
You claw the orc knight, but do no damage.
You peck the orc knight, but do no damage.
The orc knight is almost dead.
The orc knight hits you with a +0 war axe.
* * * LOW HITPOINT WARNING * * *
The orc knight hits you with a +0 war axe!
You die...

.......# .......#
....).### ♣♣♣♣
....#'#.### ♣♣..♣♣
#.###.))..###♣♣♣....♣♣
###......)..##.......♣♣
#....)....))#........♣
#.........).)...)....♣
#.....⌠.)).)))o@)∩..♣♣
#.....)).)).'.......♣
#...........#.......♣
###..).).)..##......♣♣
#.###.))).###♣.♣....♣
....#)#.### ♣♣♣♣.♣♣♣
)...).### ♣♣♣ ...o...#
.......#


You could see an orc knight.

Vanquished Creatures
  2 orc knights (Bailey)
  An unseen horror (D:7)
  A troll (D:7)
  A vampire (D:7)
  Sigmund (D:4)
  4 steam dragons (D:7)
  Edmund (D:5)
  2 water moccasins (D:7)
  Duvessa (D:6)
  11 orc warriors
  2 ice beasts (D:7)
  3 sky beasts (D:7)
  2 black bears
  3 centaurs (D:5)
  3 phantoms
  Blork the orc (D:5)
  3 kobold brigands
  4 bullfrogs
  A scorpion (D:6)
  Dowan (D:6)
  A wyvern zombie (D:6)
  A water moccasin zombie (D:7)
  A killer bee (D:7)
  6 wights (D:7)
  A centaur zombie (D:7)
  3 jellies
  An orc priest (D:8)
  A hound (D:6)
  Jessica (D:2)
  An iguana (D:6)
  3 orc wizards
  2 hound skeletons
  6 adders
  9 gnolls (Bailey)
  2 white imps
  2 ufetubi (D:4)
  2 worms
  2 dart slugs
  30 orcs
  3 ball pythons
  4 bats
  4 endoplasms
  3 giant cockroaches
  28 goblins
  15 hobgoblins
  2 jackals (D:1)
  22 kobolds
  2 quokkas
  2 frilled lizards (D:1)
  3 rats
211 creatures vanquished.

Notes
Turn   | Place    | Note
-------+----------+-------------------------------------------
     0 | D:1      | funkygono the Tengu Air Elementalist began the quest for
                  | the Orb.
     0 | D:1      | Reached XP level 1. HP: 10/10 MP: 4/4
   344 | D:1      | Reached XP level 2. HP: 12/15 MP: 3/6
   621 | D:1      | Learned a level 2 spell: Static Discharge
  1002 | D:1      | Reached XP level 3. HP: 19/19 MP: 3/7
  1006 | D:1      | Learned a level 3 spell: Swiftness
  1514 | D:1      | Found Dyvvisuy's Distillery.
  1966 | D:2      | Found a faded altar of an unknown god.
  1979 | D:2      | Noticed Jessica
  1996 | D:2      | Killed Jessica
  1997 | D:2      | Reached XP level 4. HP: 24/24 MP: 2/9
  2571 | D:2      | Reached skill level 5 in Air Magic
  3394 | D:3      | Gained mutation: Your magical nature lets you fly swiftly
                  | and evasively. [Tengu growth]
  3394 | D:3      | Reached XP level 5. HP: 27/28 MP: 4/10
  3399 | D:3      | Learned a level 4 spell: Airstrike
  4076 | D:3      | Found an ornate altar of the Wu Jian Council.
  4208 | D:3      | Upgraded the game from 0.27-a0-1325-g58a489ad9e to
                  | 0.27-a0-1332-g84bddb5ca7
  4619 | D:4      | Noticed Sigmund
  4640 | D:4      | Killed Sigmund
  4641 | D:4      | Reached skill level 5 in Conjurations
  4641 | D:4      | Reached skill level 6 in Air Magic
  4641 | D:4      | Reached XP level 6. HP: 6/33 MP: 6/12
  5231 | D:5      | Entered Level 5 of the Dungeon
  5231 | D:5      | Noticed Blork the orc
  5235 | D:5      | Killed Blork the orc
  5407 | D:5      | Reached XP level 7. HP: 23/37 MP: 8/14
  5967 | D:5      | Noticed Edmund
  5980 | D:5      | HP: 1/27 [Edmund (1)]
  5986 | D:5      | Killed Edmund
  5986 | D:5      | HP: 1/25 [/static electricity (2)]
  5987 | D:5      | Reached skill level 7 in Air Magic
  6474 | D:5      | Reached XP level 8. HP: 7/42 MP: 10/16
  6758 | D:5      | Reached skill level 5 in Spellcasting
  6942 | D:5      | Learned a level 5 spell: Lightning Bolt
  7150 | D:6      | Reached skill level 1 in Fighting
  7150 | D:6      | Reached skill level 8 in Air Magic
  7648 | D:6      | Noticed a hornet
  7651 | D:6      | Found a transporter.
  7665 | D:6      | Noticed Duvessa
  7665 | D:6      | Noticed Dowan
  7674 | D:6      | Killed Duvessa
  7675 | D:6      | Killed Dowan
  7778 | D:6      | Found a transporter.
  7844 | D:6      | Noticed sn0wgr3's ghost (novice GrFi)
  8012 | D:6      | Reached XP level 9. HP: 47/47 MP: 6/19
  8305 | D:7      | Reached skill level 9 in Air Magic
  8579 | D:7      | HP: 2/47 [poisoned by a water moccasin]
  9378 | D:7      | Killed an unseen horror
  9379 | D:7      | Reached skill level 10 in Air Magic
  9545 | D:7      | Found a staircase to the Ecumenical Temple.
  9582 | Temple   | Entered the Ecumenical Temple
  9694 | Temple   | Became a worshipper of Vehumet
  9939 | D:7      | Identified the ring "Terameno" {rF+ Str+4 Int+2 Slay+4}
 10305 | D:7      | Reached XP level 10. HP: 52/52 MP: 2/23
 10857 | D:7      | Reached skill level 11 in Air Magic
 11407 | D:7      | Reached skill level 1 in Maces & Flails
 11938 | D:8      | Reached * piety under Vehumet
 11938 | D:8      | Offered knowledge of Foxfire by Vehumet.
 12100 | D:8      | Found a flagged portal.
 12105 | Bailey   | Entered a bailey
 12655 | Bailey   | Offered knowledge of Magic Dart by Vehumet.
 12656 | Bailey   | Reached ** piety under Vehumet
 12845 | Bailey   | Noticed an orc knight
 12859 | Bailey   | Killed an orc knight
 12860 | Bailey   | Reached skill level 12 in Air Magic
 13034 | Bailey   | Noticed an orc knight
 13041 | Bailey   | Killed an orc knight
 13146 | Bailey   | Identified the +3 leather armour of Rationality {+Blink
                  | Str+4 Int+4}
 13357 | Bailey   | Offered knowledge of Frozen Ramparts by Vehumet.
 13439 | Bailey   | Noticed an orc knight
 13486 | Bailey   | Slain by an orc knight

Illustrated notes

Levels and vault maps discovered:
D:1:      lemuel_arrival_river_bridge, layout_loops_corners, serial_shops,
          nicolae_shop_statue_plus
D:2:      layout_basic, shapermc_ecumenical_altar_totnotflames, serial_forest,
          infiniplex_forest_lined_2, infiniplex_forest_end_2,
          infiniplex_forest_clump_tiny, infiniplex_forest_clump_cross,
          infiniplex_forest_lined_1, uniq_jessica
D:3:      layout_basic, general_overflow_altar
D:4:      layout_rooms, roderic_roman_lattice, uniq_sigmund
D:5:      layout_cave_pools, serial_glass, glass_columns_a, glass_columns_a,
          due_unseen_surprise, uniq_blork_the_orc, uniq_edmund
D:6:      layout_basic, gammafunk_ghost_hive, uniq_duvessa
D:7:      minmay_octagon_keep, layout_loops_corners,
          minmay_temple_entry_enclosed_plants, hangedman_misty_isle
D:8:      layout_basic, enter_bailey_3, uniq_pikel
Temple:   regret_index_temple_sigil_plot
Bailey:   bailey_axe_minmay_hex_keep, bailey

Skill      XL: |  1  2  3  4  5  6  7  8  9 10 |
---------------+-------------------------------+-----
Conjurations   | 2 3 5 6 7 9 |  9.9
Air Magic      | 5 6 7 8 10 12 | 12.5
Spellcasting   | 3 4 6 8 9 |  9.5
Dodging        | 3 4 |  4.0
Fighting       | 1 |  1.6
Maces & Flails | 1 |  1.3
Stealth        | |  2.0

Action                   |  1- 3 |  4- 6 |  7- 9 | 10-12 || total
-------------------------+-------+-------+-------+-------++-------
Melee: Dagger            |     5 |       |       |       ||     5
       Kick              |     1 |     1 |     6 |     2 ||    10
       Club              |       |     7 |    20 |    11 ||    38
       Peck              |       |     3 |     4 |     1 ||     8
 Cast: Shock             |    64 |    90 |   118 |   162 ||   434
       Static Discharge  |     1 |    16 |    46 |    13 ||    76
       Airstrike         |       |       |    22 |    46 ||    68
       Swiftness         |       |       |     1 |     1 ||     2
  Use: Scroll            |     5 |    10 |     2 |     3 ||    20
       Potion            |       |       |     1 |     3 ||     4
Armor: Robe              |     3 |     3 |     6 |       ||    12
       Steam dragon scal |       |       |       |     6 ||     6
Dodge: Dodged            |    11 |     9 |    55 |    22 ||    97

Table legend: (Time is in decaauts)
 A = Elapsed time spent in this place.
 B = Non-inter-level travel time spent in this place.
 C = Inter-level travel time spent in this place.
 D = Time resting spent in this place.
 E = Time spent auto-exploring this place.
 F = Levels seen in this place.
 G = Mean time per level.
                   A        B        C        D        E       F      G
               +--------+--------+--------+--------+--------+-----+--------+
         Total |  13090 |  12968 |    122 |   2054 |   9344 |  10 | 1309.0 |
       Dungeon |  11439 |  11349 |     90 |   1571 |   8552 |   8 | 1429.9 |
        Temple |    297 |    266 |     31 |      0 |    259 |   1 |  297.0 |
        Bailey |   1354 |   1354 |      0 |    483 |    533 |   1 | 1354.0 |
               +--------+--------+--------+--------+--------+-----+--------+

Top non-repeatable levels by time:
     D:7: 3128 daAuts
     D:1: 1774 daAuts
     D:5: 1521 daAuts
  Bailey: 1354 daAuts
     D:3: 1316 daAuts
     D:6: 1214 daAuts
     D:4: 1123 daAuts
     D:2: 1078 daAuts
  Temple: 297 daAuts
     D:8: 283 daAuts
